 Dungeon Crawl Stone Soup version 0.30-a0-743-gbfdf073431 (webtiles) character file.

Game seed: 16440031696307164728

265389 NinjaNoafa the Severer (level 20, -6/181 HPs)
             Began as a Hill Orc Fighter on Feb 5, 2023.
             Was a High Priest of Lugonu.
             Mangled by an orc warlord
             ... wielding a +0 long sword
              (19 damage)
             ... on level 3 of the Vaults.
             The game lasted 02:52:40 (38741 turns).

NinjaNoafa the Severer (Hill Orc Fighter)          Turns: 38741, Time: 02:52:40

Health: -6/181     AC: 31    Str: 26    XL:     20   Next: 7%
Magic:  24/31      EV: 11    Int: 10    God:    Lugonu [*****.]
Gold:   1718       SH: 11    Dex: 12    Spells: 27/33 levels left

rFire   . . .      SeeInvis .    a - +9 broad axe (distort)
rCold   + . .      Faith    +    b - +2 kite shield
rNeg    . . .      Spirit   .    Q - +7 Kryia's mail coat {PotionHeal*2 rC+}
rPois   +          Reflect  .    P - +1 hat of the Skies Above {rPois}
rElec   +          Harm     .    R - scarf {repulsion}
rCorr   .          Rampage  +    z - +0 pair of gloves of Luckeixt {rElec Regen+}
Will    +....                    C - +2 pair of boots {rampage} Stlth
                                 y - amulet "Kionloec" {Faith Fly Int+2}
HPRegen 1.30/turn                K - +4 ring of protection
MPRegen 0.22/turn                T - +4 ring of protection

@: marked, wereblooded, flying, repel missiles
A: no striking features
}: 2/15 runes: decaying, serpentine
a: Renounce Religion, Depart the Abyss, Banish, Corrupt, Enter the Abyss


You were on level 3 of the Vaults.
You worshipped Lugonu.
Lugonu was extremely pleased with you.
You visited 8 branches of the dungeon, and saw 35 of its levels.
You visited the Abyss 2 times.
You also visited: Sewer, Ossuary and Gauntlet.

You collected 4217 gold pieces.
You spent 2499 gold pieces at shops.

Inventory:

Hand Weapons
 a - a +9 broad axe of distortion (weapon)
Missiles
 h - 5 curare-tipped darts
 p - 5 throwing nets
Armour
 b - a +2 kite shield (worn)
 z - the +0 pair of gloves of Luckeixt (worn) {rElec Regen+}
   (You bought it in a shop on level 2 of the Orcish Mines)

   rElec:     It insulates you from electricity.
   Regen:     It increases your rate of health regeneration.
 C - a +2 pair of boots of rampaging (worn)
 P - the +1 hat of the Skies Above (worn) {rPois}
   (You found it in a Gauntlet)

   rPois:     It protects you from poison.
 Q - the +7 Kryia's mail coat (worn) {PotionHeal*2 rC+}
   (You found it on level 7 of the Dungeon)

   PotionHeal*2: Potions heal its wearer twice as much.
   rC:        It protects you from cold.
 R - a scarf of repulsion (worn)
 U - a +2 cloak of preservation
Jewellery
 s - a ring of positive energy
 y - the amulet "Kionloec" (around neck) {Faith Fly Int+2}
   (You acquired it in a Gauntlet)

   [amulet of faith]

   It allows you to gain divine favour quickly.
   Int:       It affects your intelligence (+2).
   Fly:       It grants you flight.
 K - a +4 ring of protection (left hand)
 M - a ring of protection from cold
 N - a ring of see invisible
 T - a +4 ring of protection (right hand)
Wands
 e - a wand of quicksilver (22)
 x - a wand of flame (36) (quivered)
 E - a wand of digging (6)
 I - a wand of mindburst (23)
 X - a wand of roots (26)
 Z - a wand of paralysis (20)
Scrolls
 g - 7 scrolls of fear
 j - 12 scrolls of immolation
 m - 23 scrolls of teleportation
 n - 3 scrolls of vulnerability
 o - a scroll of enchant weapon
 q - 8 scrolls of fog
 u - 3 scrolls of summoning
 B - 6 scrolls of blinking
 D - 5 scrolls of silence
 G - 2 scrolls of torment
 J - 6 scrolls of poison
 W - 5 scrolls of magic mapping
Potions
 d - 4 potions of might
 f - 7 potions of brilliance
 i - 3 potions of invisibility
 k - 5 potions of resistance
 l - 3 potions of attraction
 r - 21 potions of curing
 t - 2 potions of berserk rage
 v - a potion of ambrosia
 w - 6 potions of haste
 A - 2 potions of flight
 F - 7 potions of mutation
 H - 5 potions of lignification
 L - 6 potions of heal wounds
 O - 3 potions of cancellation
 S - 4 potions of magic
Miscellaneous
 c - a condenser vane
 V - a tin of tremorstones (2/2)
 Y - a lightning rod (4/4)


   Skills:
 - Level 16.3 Fighting
 - Level 19.4(20.0) Axes
 - Level 6.6(12.6) Maces & Flails
 - Level 2.0 Throwing
 - Level 16.3 Armour
 - Level 7.0 Dodging
 * Level 6.2 Shields
 - Level 7.0 Spellcasting
 + Level 7.9 Translocations
 - Level 10.0 Transmutations
 - Level 4.0 Earth Magic
 - Level 15.7 Invocations
 - Level 10.0 Evocations


You had 27 spell levels left.
You knew the following spells:

 Your Spells              Type           Power      Damage    Failure   Level
a - Wereblood             Tmut           23%        N/A       2%          2
b - Blink                 Tloc           38%        N/A       4%          2
c - Passwall              Tmut/Erth      14%        N/A       8%          2

Your spell library contained the following spells:

 Spells                   Type           Power      Damage    Failure   Level
 Beastly Appendage        Tmut           46%        N/A       1%          1
 Lesser Beckoning         Tloc           38%        N/A       4%          2
 Gell's Gravitas          Tloc           19%        N/A       10%         3
 Teleport Other           Tloc           19%        N/A       10%         3
 Momentum Strike          Conj/Tloc      22%        3d8       26%         2
 Spider Form              Tmut/Pois      13%        N/A       32%         3
 Manifold Assault         Tloc           19%        N/A       32%         4
 Blade Hands              Tmut           11%        N/A       36%         5
 Portal Projectile        Hex/Tloc       22%        N/A       45%         3
 Vhi's Electric Charge    Tloc/Air       22%        N/A       45%         3
 Kiss of Death            Conj/Necr      12%        2d6       65%         1
 Magic Dart               Conj           12%        1d3       65%         1
 Summon Small Mammal      Summ           12%        N/A       65%         1
 Ice Form                 Ice/Tmut       13%        N/A       73%         4
 Ensorcelled Hibernation  Hex/Ice        6%         N/A       78%         2
 Scorch                   Fire           6%         2d5       78%         2
 Searing Ray              Conj           6%         2d4       78%         2
 Confusing Touch          Hex            3%         N/A       95%         3
 Dazzling Flash           Conj/Hex       6%         N/A       95%         3
 Frozen Ramparts          Ice            6%         1d1       95%         3
 Hailstorm                Conj/Ice       3%         3d3       95%         3
 Swiftness                Air            3%         N/A       95%         3
 Tukima's Dance           Hex            3%         N/A       95%         3
 Leda's Liquefaction      Hex/Erth       3%         N/A       98%         4
 Lee's Rapid Deconstruct  Erth           5%         3d6*      99%         5
 Anguish                  Hex/Necr       1%         N/A       100%        4
 Cause Fear               Hex            1%         N/A       100%        4
 Dispel Undead            Necr           3%         3d7       100%        4
 Flame Wave               Conj/Fire      3%         2d5       100%        4
 Fulminant Prism          Conj/Hex       1%         3d5       100%        4
 Summon Ice Beast         Ice/Summ       3%         N/A       100%        4
 Agony                    Necr           3%         N/A       100%        5
 Arcjolt                  Conj/Air       1%         1d11      100%        5
 Silence                  Hex/Air        1%         N/A       100%        5
 Simulacrum               Ice/Necr       1%         N/A       100%        6
 Statue Form              Tmut/Erth      11%        N/A       100%        6
 Summon Cactus Giant      Summ           1%         N/A       100%        6
 Dragon Form              Tmut           11%        N/A       100%        7
 Enfeeble                 Hex            1%         N/A       100%        7
 Monstrous Menagerie      Summ           1%         N/A       100%        7
 Spellforged Servitor     Conj/Summ      1%         N/A       100%        7
 Storm Form               Tmut/Air       6%         N/A       100%        7
 Maxwell's Capacitive Co  Air            1%         ∞         100%        8
 Dragon's Call            Summ           1%         N/A       100%        9


Dungeon Overview and Level Annotations

Branches:
Dungeon (15/15)            Temple (1/1) D:4            Lair (5/5) D:11
  Swamp (4/4) Lair:3        Snake (4/4) Lair:3        Slime (0/5) Lair:4
    Orc (2/2) D:10            Elf (1/3) Orc:2        Vaults (3/5) D:13
  Crypt (0/3) Vaults:2     Depths (0/4) D:15          Sewer (visited)
Ossuary (visited)         Gauntlet (visited)

Altars:
Ashenzari
Cheibriados
Dithmenos
Elyvilon
Fedhas
Gozag
Hepliaklqana
Kikubaaqudgha
Makhleb
Nemelex Xobeh
Okawaru
Qazlal
Ru
Sif Muna
Trog
Uskayaw
Vehumet
Wu Jian
Xom
Yredelemnul
Zin
The Shining One
Beogh

Shops:
D:10 (   D:13 [   Orc:2 [*[*

Portals:
Abyss: Lair:2

Annotations:
Snake:4 corrupted
Vaults:3 corrupted, Aizul
Abyss:1 Nikola, Vashnia


Message History

You slice Aizul!!
Aizul coils herself and waves her upper body at you.
The bolt of poison misses you. The yaktaur captain misses you.
The ironbound convoker casts a spell at the yaktaur captain.
The yaktaur captain seems to grow stronger.
The deep troll bites you!!
The deep troll claws you but does no damage.
The deep troll claws you!
The orc warlord hits you but does no damage.
The vault sentinel gestures at you while chanting.
A sentinel's mark forms upon you.
The vault warden hits you but does no damage.
You are too injured to fight recklessly!
You are too injured to fight recklessly!
You are too injured to fight recklessly!
Activating: Corrupt (1% risk of failure)
Press: ? - help, Dir - look around, f - activate
Okay, then.
Activating: Corrupt (1% risk of failure)
Press: ? - help, Dir - look around, f - activate Look: a vault warden, wielding a +0 great sword and wearing a +0 chain mail (moderately wounded)
Okay, then.
Press: ? - help, v - describe, . - travel
Here: Aizul (moderately wounded)
The floor, spattered with blood.
Activating: Corrupt (1% risk of failure)
Press: ? - help, Dir - look around, f - activate Lugonu's Hand of Corruption reaches out!
You howl as the wereblood boils in your veins!
Aizul coils herself and waves her upper body at you.
You fall asleep.
The yaktaur captain hits you!!!!
You wake up.
* * * LOW HITPOINT WARNING * * *
You block the deep troll's attack. The deep troll claws you.
* * * LOW HITPOINT WARNING * * *
You block the deep troll's attack.
The ironbound convoker points at Aizul and mumbles some strange words.
Aizul seems to grow stronger.
The orc warlord hits you with a +0 long sword!!
You die...

#+######## #.#.#.#..#
#.+3Y.h.X############
#.5Xx...5+..#........
##..3O.5..#3#.<.......
#.x.X5#3Xx#.xh.<......


#hXXoSTXhXXX3.<...... #..Xp@p#.#...<....... #..#3p.cXx#...........
#.X3#XxX.W########### #5.+xXxXx## #2+.####### .. . + . . + .. + You could see
Aizul (strong), an orc warlord, a vault warden, an ironbound thunderhulk, a
yaktaur captain (strong), a deep troll, a vault sentinel (catching breath), an
ironbound convoker (catching breath), 2 neutral starcursed masses, 2 neutral
tentacled starspawn, 3 neutral thrashing horrors, 10 neutral large abominations,
a neutral worldbinder (summoned, distracted), a neutral sixfirhy (summoned,
wandering), 2 neutral smoke demons, a neutral tormentor (summoned, distracted),
4 neutral raiju, 3 neutral neqoxecs, a neutral ynoxinul (summoned, distracted),
a neutral ice beast (summoned, distracted), 8 neutral small abominations, a
neutral shadow (summoned, distracted), a neutral iron imp (summoned,
distracted), 2 neutral quasits, a neutral white imp (summoned, distracted) and a
neutral ufetubus (summoned, distracted).

Vanquished Creatures
  A tentacled monstrosity (Swamp:2)
  Jorgrun (D:14)
  An acid blob (Lair:4)
  The ghost of Kikiss the Fighter, an adept DrTm of Gozag (Swamp:2)
  A thorn hunter (Swamp:4)
  Kirke (Swamp:4)
  Gastronok (Lair:1)
  A fire giant (Vaults:2)
  A vault warden (Vaults:1)
  3 nagarajas
  Louise (Swamp:2)
  8 ironbound preservers
  An ironbound thunderhulk (Vaults:1)
  A spark wasp (Snake:2)
  A bunyip (shapeshifter) (D:13)
  4 eleionomae
  A minotaur (Gauntlet)
  2 dire elephants (Vaults:2)
  4 bunyips
  Snorg (Lair:3)
  2 fire dragons (Lair:5)
  2 shambling mangroves
  The ghost of BubbleThief the Tainter, a journeyman NaVM of Vehumet (Lair:1)
  A deep elf death mage (Elf:1)
  4 yaktaur captains (Vaults:2)
  21 hydras
  Harold (Orc:1)
  2 great orbs of eyes
  The ghost of voltaire321 the Protected, a journeyman GrFi of Nemelex Xobeh (Lair:2)
  An ironbound frostheart (Vaults:2)
  An ice dragon (Swamp:2)
  A salamander tyrant (Snake:4)
  7 ghost crabs
  6 boulder beetles
  A death knight (D:12)
  2 catoblepae
  6 ogre magi
  A hell beast (Gauntlet)
  20 two-headed ogres
  2 alligators
  3 centaur warriors
  A hell hog (Lair:2)
  5 death yaks
  8 anacondas
  A vampire mage (D:15)
  4 orc high priests (Orc:2)
  14 naga sharpshooters
  12 naga warriors
  2 shock serpents
  A tengu warrior (D:14)
  Sonja (Lair:1)
  2 spriggan berserkers (Swamp:4)
  Urug (Orc:1)
  3 deep elf knights (Elf:1)
  Lodul (D:11)
  2 salamander mystics
  2 skeletal warriors (D:15)
  4 goliath frogs
  4 spriggan druids
  3 naga ritualists (Snake:4)
  10 swamp dragons
  4 lindwurms
  20 deep trolls
  6 bog bodies
  2 deep elf archers
  4 wizards
  A tengu zombie (Vaults:1)
  6 deep elf pyromancers
  6 ironbound convokers
  2 necromancers
  A wolf spider (D:15)
  A tengu skeleton (Vaults:1)
  9 deep elf zephyrmancers
  A fire giant zombie (Vaults:1)
  6 orc knights
  3 mana vipers (Snake:4)
  2 will-o-the-wisps (Swamp:4)
  18 ugly things
  4 orc sorcerers (Orc:2)
  13 salamanders
  5 cyclopes
  A manticore (D:14)
  A frost giant zombie (D:15)
  6 elephants (Lair:5)
  2 fire giant skeletons
  35 black mambas
  23 naga magi
  5 vault sentinels
  4 guardian serpents
  An apocalypse crab (Abyss:1)
  7 torpor snails
  A gargoyle (D:10)
  10 cane toads
  Maggie (Lair:2)
  A storm dragon simulacrum (D:15)
  11 komodo dragons
  3 efreet (D:9)
  3 rime drakes
  An unseen horror (D:10)
  12 yaktaurs
  A tengu conjurer (D:9)
  4 trolls
  2 ancient zymes (Abyss:1)
  4 polar bears
  11 tyrant leeches
  19 hornets
  A hornet (shapeshifter) (D:9)
  A dream sheep (shapeshifter) (D:9)
  Prince Ribbit (D:7)
  An ettin zombie (D:15)
  9 blink frogs
  Sigmund (D:5)
  A centaur simulacrum (D:15)
  2 air elementals (Elf:1)
  11 slime creatures
  14 spriggans
  5 shadows
  6 wyverns
  5 hogs (Swamp:4)
  33 yaks
  3 basilisks
  3 wraiths
  A ynoxinul (Abyss:1)
  2 chaos spawn (Lair:2)
  2 steam dragons
  Grum (Lair:1)
  A warg (Orc:1)
  13 vampire mosquitoes
  Menkaure (D:5)
  15 swamp worms
  3 acid dragons
  A large abomination (Lair:2)
  51 nagas
  20 water moccasins
  25 orc warriors
  2 small abominations (Abyss:1)
  12 swamp drakes
  A sky beast (D:7)
  19 ogres
  4 boggarts (D:13)
  16 centaurs
  18 wolves
  2 elf zombies (Ossuary)
  2 phantoms
  7 kobold brigands
  2 gnoll sergeants
  3 necrophages
  10 bullfrogs
  A scorpion (D:4)
  9 wights
  A troll zombie (D:10)
  12 killer bees
  4 howler monkeys (D:9)
  3 electric eels
  2 human zombies (Ossuary)
  16 orc priests
  3 hounds
  Crazy Yiuf (D:3)
  A gnoll bouda (D:5)
  6 iguanas
  7 hell rats (Lair:5)
  35 orc wizards
  5 ogre zombies (D:10)
  2 mummies (Ossuary)
  Robin (D:2)
  12 gnolls
  12 adders
  5 river rats
  2 shadow imps (D:7)
  2 white imps (Gauntlet)
  An ufetubus (D:4)
  3 adder zombies (Ossuary)
  3 worms (Sewer)
  4 dart slugs
  65 orcs
  9 endoplasms
  6 giant cockroaches
  21 goblins
  7 hobgoblins
  12 jackals
  8 quokkas
  7 ball pythons
  3 bats
  6 frilled lizards
  2 goblin skeletons (D:10)
  4 goblin zombies
  A hobgoblin skeleton (D:10)
  9 hobgoblin zombies
  A jackal zombie (Ossuary)
  20 kobolds
  14 kobold zombies (Ossuary)
  2 orc skeletons (D:10)
  14 orc zombies
  11 rats
  2 rat zombies (Ossuary)
  3 briar patches (Swamp:4)
1197 creatures vanquished.

Vanquished Creatures (collateral kills)
  Fannar (D:11)
  2 centaur warriors
  6 two-headed ogres
  A tengu warrior (D:15)
  A naga sharpshooter (Snake:2)
  An ugly thing (D:15)
  A frost giant zombie (D:15)
  An orc warrior (D:8)
14 creatures vanquished.

Vanquished Creatures (others)
  2 nagarajas (Snake:4)
  2 naga warriors (Snake:4)
  A naga sharpshooter (Snake:4)
  3 salamander mystics (Snake:4)
  3 naga ritualists (Snake:4)
  A guardian serpent (Snake:4)
  A hornet (Lair:1)
  A basilisk (Lair:5)
  A human (Swamp:4)
  8 nagas
  An orc priest (Orc:2)
  An orc (Orc:2)
  38 demonic plants (Gauntlet)
  2 foxfires (Swamp:4)
  14 fungi
  72 plants
  2 starspawn tentacles (Snake:4)
  8 withered plants
161 creatures vanquished.

Grand Total: 1372 creatures vanquished

Notes
Turn   | Place    | Note
-------+----------+-------------------------------------------
     0 | D:1      | NinjaNoafa the Hill Orc Fighter began the quest for the
                  | Orb.
     0 | D:1      | Reached XP level 1. HP: 19/19 MP: 1/1
    72 | D:1      | Reached skill level 3 in Axes
   103 | D:1      | Reached XP level 2. HP: 18/26 MP: 2/2
   194 | D:1      | Reached skill level 4 in Axes
   487 | D:1      | Reached XP level 3. HP: 31/31 MP: 3/3
   724 | D:1      | Found a faded altar of an unknown god.
   961 | D:2      | Noticed Robin
   968 | D:2      | Reached skill level 5 in Axes
   975 | D:2      | Killed Robin
   976 | D:2      | Reached XP level 4. HP: 24/39 MP: 4/4
  1248 | D:2      | Reached skill level 6 in Axes
  2487 | D:3      | Identified the +2 pair of gloves of Perpetual Drought
                  | {Str+5 Stlth+}
  2673 | D:3      | Found a runed translucent door.
  2674 | D:3      | Noticed Crazy Yiuf
  2769 | D:3      | Reached XP level 5. HP: 45/45 MP: 5/5
  2810 | D:3      | Reached skill level 7 in Axes
  3032 | D:4      | Noticed an ogre
  3109 | D:4      | Found a staircase to the Ecumenical Temple.
  3138 | Temple   | Entered the Ecumenical Temple
  3184 | Temple   | Became a worshipper of Qazlal Stormbringer
  3238 | D:4      | Reached XP level 6. HP: 48/52 MP: 6/6
  3510 | D:4      | Reached skill level 5 in Fighting
  3567 | D:4      | Found a shimmering altar of Xom.
  3568 | D:4      | Found a hazy altar of Hepliaklqana.
  3569 | D:4      | Noticed a spectral ugly thing
  3696 | D:4      | Identified the +4 sling of the Other Side {freeze, rPois
                  | rCorr Dex-3}
  3767 | D:5      | Entered Level 5 of the Dungeon
  3794 | D:5      | Noticed Sigmund
  3821 | D:5      | Killed Sigmund
  3822 | D:5      | Reached skill level 8 in Axes
  3822 | D:5      | Reached skill level 5 in Armour
  3822 | D:5      | Reached XP level 7. HP: 54/61 MP: 4/7
  3869 | D:5      | Noticed Menkaure
  3876 | D:5      | Killed Menkaure
  3877 | D:5      | Reached skill level 9 in Axes
  4021 | D:5      | Noticed a wyvern
  4035 | D:5      | Killed a wyvern
  4036 | D:5      | Reached skill level 10 in Axes
  4036 | D:5      | Reached XP level 8. HP: 49/68 MP: 6/8
  4145 | D:5      | Found a glowing drain.
  4161 | Sewer    | Entered a sewer
  4505 | Sewer    | Reached skill level 11 in Axes
  4651 | Sewer    | Reached * piety under Qazlal
  4954 | D:5      | Reached skill level 12 in Axes
  5017 | D:5      | Found a bloodstained altar of Trog.
  5304 | D:6      | Identified the +1 robe of Elyvilon {Str+3}
  5521 | D:6      | Reached skill level 13 in Axes
  5529 | D:6      | Reached XP level 9. HP: 61/74 MP: 5/9
  5732 | D:6      | Reached ** piety under Qazlal
  5733 | D:6      | Reached skill level 14 in Axes
  5917 | D:7      | Reached skill level 1 in Invocations
  6207 | D:7      | Reached skill level 15 in Axes
  6350 | D:7      | Reached skill level 5 in Invocations
  6510 | D:7      | Reached XP level 10. HP: 81/81 MP: 14/14
  6519 | D:7      | Found the +7 Kryia's mail coat {PotionHeal*2 rC+}
  6544 | D:7      | Reached *** piety under Qazlal
  6547 | D:7      | Reached skill level 16 in Axes
  6779 | D:7      | Noticed Prince Ribbit
  6808 | D:7      | Killed Prince Ribbit
  7151 | D:8      | Found Nater's Magic Scroll Boutique.
  7219 | D:8      | Noticed a two-headed ogre
  7227 | D:8      | Killed a two-headed ogre
  7267 | D:8      | Found a sand-covered staircase.
  7280 | Ossuary  | Entered an ossuary
  7454 | Ossuary  | Reached **** piety under Qazlal
  7569 | D:8      | Reached skill level 17 in Axes
  7772 | D:3      | Killed Crazy Yiuf
  7903 | D:8      | Noticed a two-headed ogre
  7915 | D:8      | Killed a two-headed ogre
  7916 | D:8      | Reached skill level 1 in Maces & Flails
  7916 | D:8      | Reached skill level 1 in Evocations
  8047 | D:8      | Reached skill level 1 in Dodging
  8171 | D:8      | Reached XP level 11. HP: 36/85 MP: 7/17
  8507 | D:9      | Noticed a boulder beetle
  8523 | D:9      | Killed a boulder beetle
  8705 | D:9      | Got Sif Muna's Grimoire of the Flock
  8965 | D:9      | Found a shimmering blue altar of Sif Muna.
  8965 | D:9      | Found a sparkling altar of Nemelex Xobeh.
  8975 | D:9      | Found a shadowy altar of Dithmenos.
  8977 | D:9      | Found an iron altar of Okawaru.
  8977 | D:9      | Found a radiant altar of Vehumet.
  8977 | D:9      | Found a blossoming altar of Fedhas.
  8980 | D:9      | Found a burning altar of Makhleb.
  8980 | D:9      | Found an ornate altar of the Wu Jian Council.
  8980 | D:9      | Found a snail-covered altar of Cheibriados.
  9017 | D:9      | Noticed a two-headed ogre
  9018 | D:9      | Killed a two-headed ogre
  9019 | D:9      | Reached skill level 10 in Invocations
  9030 | D:9      | Noticed a boulder beetle
  9030 | D:9      | Noticed a catoblepas
  9035 | D:9      | Killed a boulder beetle
  9040 | D:9      | Killed a catoblepas
  9062 | D:9      | Noticed a centaur warrior
  9068 | D:9      | Reached ***** piety under Qazlal
  9069 | D:9      | Killed a centaur warrior
  9073 | D:9      | Noticed a centaur warrior
  9083 | D:9      | Killed a centaur warrior
  9084 | D:9      | Reached XP level 12. HP: 40/100 MP: 3/20
  9398 | D:9      | Noticed a six-headed hydra
  9399 | D:9      | Killed a six-headed hydra
  9533 | D:9      | Noticed an ogre mage
  9534 | D:9      | Killed an ogre mage
  9535 | D:9      | Reached skill level 5 in Maces & Flails
  9618 | D:9      | Noticed a two-headed ogre
  9624 | D:9      | Killed a two-headed ogre
  9839 | D:9      | Noticed a boulder beetle
  9847 | D:9      | Killed a boulder beetle
 10091 | D:10     | Entered Level 10 of the Dungeon
 10244 | D:10     | Found Doqed's Antique Weapon Shoppe.
 10449 | D:10     | Found a staircase to the Orcish Mines.
 11039 | D:8      | Bought a scroll of enchant weapon for 90 gold pieces
 11039 | D:8      | Bought a scroll of brand weapon for 114 gold pieces
 11039 | D:8      | Bought a scroll of blinking for 90 gold pieces
 11039 | D:8      | Bought a scroll of noise for 12 gold pieces
 11039 | D:8      | Bought a scroll of summoning for 114 gold pieces
 11039 | D:8      | Bought a scroll of immolation for 48 gold pieces
 11039 | D:8      | Bought a scroll of identify for 24 gold pieces
 11360 | D:11     | Noticed Fannar
 11365 | D:11     | Noticed a two-headed ogre
 11376 | D:11     | Killed a two-headed ogre
 11377 | D:11     | Reached skill level 10 in Fighting
 11379 | D:11     | Reached XP level 13. HP: 60/113 MP: 9/21
 11379 | D:11     | Killed Fannar
 11623 | D:11     | Reached skill level 10 in Armour
 11643 | D:11     | Found a staircase to the Lair.
 11659 | D:11     | Noticed Lodul
 11661 | D:11     | Reached skill level 5 in Evocations
 11669 | Lair:1   | Entered Level 1 of the Lair of Beasts
 11680 | Lair:1   | Noticed Grum
 11680 | Lair:1   | Noticed Gastronok
 11683 | Lair:1   | Reached skill level 18 in Axes
 11698 | Lair:1   | Killed Grum
 11703 | Lair:1   | Killed Gastronok
 12036 | Lair:1   | Noticed Sonja
 12041 | Lair:1   | Reached skill level 19 in Axes
 12044 | Abyss:1  | Cast into level 1 of the Abyss (Sonja)
 12047 | Abyss:1  | Found a corrupted altar of Lugonu.
 12126 | Abyss:1  | Found a shimmering blue altar of Sif Muna.
 12177 | Lair:1   | Escaped the Abyss
 12181 | Lair:1   | Killed Sonja
 12589 | Lair:1   | Found a runed translucent door.
 12608 | Lair:1   | Noticed BubbleThief's ghost (journeyman NaVM)
 12610 | Lair:1   | Identified the +7 spear of Jocular Tenacity {protect, rPois
                  | rF+ Dex+4}
 12949 | Lair:2   | Noticed Maggie
 12953 | Lair:2   | Killed Maggie
 13182 | Lair:2   | Noticed voltaire321's ghost (journeyman GrFi)
 13190 | Lair:2   | Found a transporter.
 13214 | Lair:2   | Found a transporter.
 14187 | Lair:3   | Reached XP level 14. HP: 92/121 MP: 14/23
 14189 | Lair:3   | Noticed Snorg
 14200 | Lair:3   | Killed Snorg
 14201 | Lair:3   | Reached skill level 5 in Dodging
 14298 | Lair:3   | Found a staircase to the Swamp.
 14592 | Lair:3   | Found a staircase to the Snake Pit.
 14946 | Lair:4   | Found a gate leading to a gauntlet.
 14954 | Gauntlet | Entered a Gauntlet
 14954 | Gauntlet | Found a transporter.
 14968 | Gauntlet | Found a transporter.
 14978 | Gauntlet | Found a transporter.
 14983 | Gauntlet | Found a transporter.
 15002 | Gauntlet | Found a transporter.
 15018 | Gauntlet | Found a transporter.
 15030 | Gauntlet | Found a transporter.
 15033 | Gauntlet | Noticed a reaper
 15042 | Gauntlet | Found a transporter.
 15048 | Gauntlet | Found a transporter.
 15063 | Gauntlet | Found a transporter.
 15075 | Gauntlet | Found a transporter.
 15092 | Gauntlet | Found a transporter.
 15092 | Gauntlet | Found a transporter.
 15114 | Gauntlet | Found a transporter.
 15223 | Gauntlet | Found a transporter.
 15249 | Gauntlet | Found a transporter.
 15279 | Gauntlet | Found a transporter.
 15361 | Gauntlet | Found a transporter.
 15362 | Gauntlet | Identified the +1 hat of the Skies Above {rPois}
 15553 | Gauntlet | Identified the +0 helmet of Fun and Games {-Cast Rampage
                  | Stlth+}
 15575 | Gauntlet | Identified the +1 plate armour of Forking Paths {rC+ Dex+3
                  | Slay+3}
 15576 | Gauntlet | Identified a scroll of acquirement
 15576 | Gauntlet | Acquired the amulet "Kionloec" {Faith Fly Int+2}
 15725 | Gauntlet | Identified the +1 chain mail "Lint" {rElec Int+7}
 16326 | Lair:4   | Found a runed translucent door.
 16326 | Lair:4   | Found a staircase to the Slime Pits.
 16326 | Lair:4   | Noticed an acid blob
 16757 | Lair:5   | Entered Level 5 of the Lair of Beasts
 17076 | Lair:5   | Reached ****** piety under Qazlal
 17559 | Lair:5   | Found a runed translucent door.
 17745 | Lair:5   | Reached XP level 15. HP: 123/135 MP: 24/24
 18979 | D:11     | Killed Lodul
 20469 | Orc:1    | Entered Level 1 of the Orcish Mines
 20607 | Orc:1    | Noticed Harold
 20618 | Orc:1    | Killed Harold
 20727 | Orc:1    | Noticed Urug
 20734 | Orc:1    | Killed Urug
 20990 | Orc:2    | Entered Level 2 of the Orcish Mines
 20990 | Orc:2    | Found a staircase to the Elven Halls.
 21154 | Orc:2    | Found a roughly hewn altar of Beogh.
 21445 | Orc:2    | Found a roughly hewn altar of Beogh.
 21817 | Orc:2    | Found Zupiutt's Antique Armour Emporium.
 21817 | Orc:2    | Found Lifeic's Assorted Antiques.
 21826 | Orc:2    | Found Roimol's Armour Emporium.
 21826 | Orc:2    | Found Ikeqoeg's Assorted Antiques.
 21909 | Orc:2    | Bought the +0 pair of gloves of Luckeixt {rElec Regen+} for
                  | 314 gold pieces
 22066 | Orc:2    | Bought a sapphire potion for 27 gold pieces
 22071 | Orc:2    | Bought 3 scrolls of identify for 186 gold pieces
 22078 | Orc:2    | Bought a scroll of fear for 124 gold pieces
 22080 | Orc:2    | Bought a potion of curing for 93 gold pieces
 22082 | Orc:2    | Bought a potion of curing for 111 gold pieces
 22082 | Orc:2    | Bought a potion of heal wounds for 185 gold pieces
 22082 | Orc:2    | Bought a scroll of enchant armour for 277 gold pieces
 22219 | Lair:1   | Killed BubbleThief's ghost
 22316 | Lair:2   | Found a one-way gate to the infinite horrors of the Abyss.
 22336 | Lair:2   | Killed voltaire321's ghost
 22513 | Lair:4   | Killed an acid blob
 22918 | D:13     | Reached XP level 16. HP: 120/147 MP: 26/26
 23014 | D:13     | You are sucked into a shaft and drop 1 floor!
 23049 | D:14     | Identified the +5 plate armour of Vexation {Harm Str+3}
 23283 | D:14     | Noticed Jorgrun
 23303 | D:14     | Killed Jorgrun
 23370 | D:13     | Found Mikleaf's Armour Shop.
 23506 | D:13     | Reached skill level 10 in Evocations
 23581 | D:13     | Reached skill level 15 in Invocations
 23643 | D:13     | Found a gate to the Vaults.
 23888 | D:13     | Found a glowing golden altar of the Shining One.
 24259 | D:15     | Entered Level 15 of the Dungeon
 24277 | D:15     | Reached skill level 15 in Fighting
 24375 | D:15     | Reached skill level 1 in Throwing
 24397 | D:15     | Found a staircase to the Depths.
 24453 | D:15     | Paralysed by an ogre mage for 5 turns
 24731 | Swamp:1  | Entered Level 1 of the Swamp
 25371 | Swamp:2  | Noticed Louise
 25539 | Snake:1  | Entered Level 1 of the Snake Pit
 25552 | Snake:1  | Reached skill level 15 in Armour
 25580 | Snake:1  | Reached XP level 17. HP: 96/158 MP: 28/28
 25763 | Orc:2    | Bought a pair of glowing boots for 225 gold pieces
 26017 | Elf:1    | Entered Level 1 of the Elven Halls
 26864 | Snake:2  | Noticed Vashnia
 27066 | Swamp:2  | Noticed Kikiss's ghost (adept DrTm)
 27106 | Abyss:2  | Cast into level 2 of the Abyss (Louise)
 27111 | Abyss:2  | Noticed a lich
 27112 | Abyss:2  | Found a corrupted altar of Lugonu.
 27117 | Abyss:2  | Fell from the grace of Qazlal
 27117 | Abyss:2  | Became a worshipper of Lugonu the Unformed
 27117 | Abyss:2  | Reached * piety under Lugonu
 27117 | Abyss:2  | Reached ** piety under Lugonu
 27118 | Swamp:2  | Escaped the Abyss
 27122 | Swamp:2  | Killed Louise
 27155 | Swamp:2  | Found a runed translucent door.
 27191 | Swamp:2  | Reached skill level 1 in Spellcasting
 27191 | Swamp:2  | Reached skill level 1 in Transmutations
 27578 | Swamp:2  | Noticed a tentacled monstrosity
 28185 | Snake:2  | Banished Vashnia
 29422 | Orc:2    | Bought a scroll of poison for 124 gold pieces
 29422 | Orc:2    | Bought a scroll of vulnerability for 124 gold pieces
 29422 | Orc:2    | Bought a scroll of teleportation for 93 gold pieces
 29422 | Orc:2    | Bought a scroll of immolation for 124 gold pieces
 29425 | Orc:2    | Learned a level 2 spell: Wereblood
 29522 | Elf:1    | Reached *** piety under Lugonu
 29621 | Elf:1    | Paralysed by an air elemental for 1 turns
 29640 | Elf:1    | Paralysed by an air elemental for 1 turns
 29644 | Elf:1    | Paralysed by an air elemental for 1 turns
 29648 | Elf:1    | Paralysed by an air elemental for 1 turns
 30606 | Swamp:2  | Reached skill level 5 in Transmutations
 30650 | Swamp:2  | Reached **** piety under Lugonu
 30732 | Swamp:2  | Killed Kikiss's ghost
 30733 | Swamp:2  | Reached XP level 18. HP: 140/166 MP: 29/29
 30821 | Swamp:2  | Killed a tentacled monstrosity
 31140 | Swamp:3  | Reached skill level 5 in Spellcasting
 31337 | Swamp:4  | Entered Level 4 of the Swamp
 32088 | Snake:3  | Reached ***** piety under Lugonu
 32212 | Snake:4  | Entered Level 4 of the Snake Pit
 32324 | Snake:4  | Was forgiven by Qazlal
 33071 | Snake:4  | Learned a level 2 spell: Blink
 33074 | Snake:4  | Learned a level 2 spell: Passwall
 33185 | Snake:4  | Reached skill level 1 in Translocations
 33185 | Snake:4  | Reached skill level 1 in Earth Magic
 33210 | Snake:4  | Corrupted Snake:4
 33253 | Snake:4  | Got a serpentine rune of Zot
 33888 | Swamp:4  | Noticed Nikola
 33890 | Swamp:4  | Banished Nikola
 33934 | Swamp:4  | Noticed Kirke
 33943 | Swamp:4  | Killed Kirke
 34148 | Swamp:4  | Reached XP level 19. HP: 72/172 MP: 18/30
 35113 | Swamp:4  | Got a decaying rune of Zot
 35490 | Vaults:1 | Entered Level 1 of the Vaults
 35751 | Vaults:1 | Identified the +0 hand axe of Oblischi {heavy, Dex+6}
 36055 | Vaults:1 | Paralysed by a great orb of eyes for 4 turns
 36177 | D:13     | Reached skill level 5 in Translocations
 36260 | Vaults:1 | Reached ****** piety under Lugonu
 36561 | Vaults:1 | Identified a +5 broad axe of distortion (a +3 broad axe of
                  | electrocution corrupted by Lugonu)
 36561 | Vaults:1 | Received a gift from Lugonu
 37075 | Vaults:1 | Reached skill level 10 in Transmutations
 37556 | Vaults:2 | Found a staircase to the Crypt.
 37836 | Vaults:2 | Reached skill level 5 in Shields
 38145 | Vaults:2 | Reached XP level 20. HP: 178/181 MP: 29/31
 38737 | Vaults:3 | Noticed Aizul
 38741 | Vaults:3 | Corrupted Vaults:3
 38741 | Vaults:3 | Mangled by an orc warlord

Illustrated notes

Levels and vault maps discovered:
D:1:      nzn_arrival_settlement, layout_loops_ring,
          shapermc_ecumenical_altar_petra
D:2:      minmay_chambers_of_ones, layout_basic, uniq_robin
D:3:      minmay_diamond_boxcup, layout_basic, st_stairs_2, kennysheep_boxes,
          uniq_crazy_yiuf_cottage
D:4:      layout_cave_pools, regret_index_temple_of_mockery, temple_doors_e
D:5:      layout_rooms, trog_butcher_becter, portal_sewer_entry_a,
          grunt_ministairs_12, eino_curves_01, minmay_misc_feat_square,
          uniq_sigmund, uniq_menkaure
D:6:      layout_rooms
D:7:      layout_loops_ring, uniq_prince_ribbit1
D:8:      layout_gridville, nicolae_ossuary_entry_monument, serial_shops,
          nicolae_take_the_stairs, hellmonk_guarded_unrand_dark_maul
D:9:      minmay_bubble_buster, layout_stronghold, nicolae_overflows_in_rows,
          grunt_decor_one_mirror, nicolae_rejected_hall
D:10:     layout_cross, zombieorc1_lemuel, nicolae_inconvenience_store
D:11:     layout_cave_pods, lair_entry_dummy, ebering_dispersal_statue_hall,
          uniq_lodul, uniq_fannar
D:12:     layout_rooms, eino_tiny_chamber
D:13:     layout_loops_cross, hangedman_vaults_entry_quadrant_bands,
          serial_shops, shop, tso_altar
D:14:     layout_roguey, amcnicky_mini_rare_corridor_liquid, uniq_jorgrun
D:15:     gammafunk_depths_entry_grave, layout_basic
Temple:   nicolae_temple_ecumenical_triangle
Lair:1:   layout_chaotic_city, ebering_ghost_funeral_grove,
          eino_small_chamber_without_monster, grunt_megastairs_2,
          infiniplex_staircase_pool, uniq_sonja, uniq_grum, uniq_gastronok
Lair:2:   layout_regular_city, gammafunk_ghost_abyssal_escape,
          grunt_megastairs_5, uniq_maggie
Lair:3:   layout_misc_corridors, minmay_swamp_entry_worms,
          guppyfry_snake_entry_garden, nicolae_quartered_pool_medium, uniq_snorg
Lair:4:   layout_layer_cave, slime_entry_2, gauntlet_entry_generic,
          serial_bayou_shore_a, grunt_megastairs_4
Lair:5:   guppyfry_lair_end_dragon, layout_concentric_octagons, wormcave
Swamp:1:  layout_basic_swamp, serial_swamp_ruin, evilmike_swamp_ruin_house_3,
          evilmike_swamp_ruin_house_4, evilmike_swamp_ruin_rubble_1
Swamp:2:  nicolae_swamp_decorative_isthmus, layout_falls_marsh,
          hellmonk_ghost_happy_afterlife, hangedman_swamp_cone,
          nicolae_swamp_snake_nest, uniq_louise
Swamp:3:  layout_falls_marsh, evilmike_swamp_ruin_house_1
Swamp:4:  swamp_basic_johnstein, layout_basic_swamp,
          nicolae_swamp_trees_clearing, uniq_nikola, uniq_kirke
Snake:1:  layout_grid_shapes, st_stairs_7, grunt_ministairs_10, drop_trap
Snake:2:  layout_layer_cave, grunt_megastairs_1, uniq_vashnia
Snake:3:  layout_misc_corridors
Snake:4:  johnstein_snake_rune_scales, layout_basic, drop_trap, st_stairs_4
Orc:1:    layout_diamond_mine, nicolae_orc_lava_room, uniq_urug, uniq_harold
Orc:2:    grunt_orc_tribal_feast, layout_diamond_mine, basic_altar,
          kennysheep_orc_chapel
Elf:1:    layout_geoelf_grid, minmay_elf_crystal_heptagon, minmay_shop_grove
Vaults:1: nicolae_vaults_alarming, hangedman_vaults_corner,
          nicolae_vaults_network_square, v_misc_17, v_alt_pattern_6,
          ontoclasm_vaults_idyll, v_misc_10, vaults_room_grunt_arrival_ludios,
          layout_vaults_omnibox
Vaults:2: vaults_mumra_bighexcomb, nicolae_vaults_specimen_jars,
          vaults_dpeg_diagonal, grunt_vaults_hallway_short, v_misc_29,
          ontoclasm_vaults_loading_screen, hangedman_vaults_stretched_pinwheel,
          v_misc_17, nicolae_vaults_asterisk, v_misc_16, ontoclasm_vaults_idyll,
          v_misc_29, nicolae_vaults_little_squares_3, vaults_dpeg_ring,
          layout_vaults_big_room, dummy_crypt_entry
Vaults:3: nicolae_vaults_little_ls, nicolae_vaults_three_branches, v_misc_32,
          v_misc_12, v_alt_pattern_1, v_misc_1, vaults_room_stairs_pillars,
          nicolae_vaults_ring_of_whatevers, v_alt_pattern_5, vaults_dpeg_cross,
          ontoclasm_vaults_twist, layout_vaults_ring, uniq_asterion,
          uniq_margery, uniq_aizul, uniq_mennas

Skill      XL: |  1  2  3  4  5  6  7  8  9 10 11 12 13 14 15 16 17 18 19 20 |
---------------+-------------------------------------------------------------+-----
Axes           | 3 4 5 6 7 8 10 13 15 17 19 | 19.4
Fighting       | 4 5 7 10 13 14 16 | 16.3
Armour         | 5 7 9 10 12 15 16 | 16.3
Invocations    | 6 8 11 13 14 15 | 15.7
Maces & Flails | 1 3 6 |  6.6
Evocations     | 1 4 6 7 9 10 | 10.0
Dodging        | 1 2 4 6 7 |  7.0
Throwing       | 2 |  2.0
Spellcasting   | 4 6 7 |  7.0
Transmutations | 5 8 10 | 10.0
Translocations | 2 7 |  7.9
Earth Magic    | 2 4 |  4.0
Shields        | 5 6 |  6.2

Action                     |  1- 3 |  4- 6 |  7- 9 | 10-12 | 13-15 | 16-18 | 19-21 || total
---------------------------+-------+-------+-------+-------+-------+-------+-------++-------
  Melee: War axe           |    90 |   151 |   262 |       |       |       |       ||   503
         Battleaxe         |       |       |    81 |   235 |   739 |  1034 |   188 ||  2277
         Maul              |       |       |       |    85 |     7 |       |       ||    92
         Broad axe         |       |       |       |       |    29 |       |   210 ||   239
         Punch             |       |       |       |       |       |       |     1 ||     1
  Throw: Boomerang         |       |     7 |       |     2 |    10 |       |       ||    19
         Dart              |       |       |       |       |     2 |     1 |       ||     3
         Javelin           |       |       |       |       |       |    33 |       ||    33
   Cast: Wereblood         |       |       |       |       |       |    15 |    24 ||    39
         Passwall          |       |       |       |       |       |     1 |       ||     1
         Blink             |       |       |       |       |       |       |     2 ||     2
 Invoke: Elemental Force   |       |       |       |     3 |     1 |     2 |       ||     6
         Upheaval          |       |       |       |     1 |     4 |     4 |       ||     9
         Disaster Area     |       |       |       |       |     1 |       |       ||     1
         Banish            |       |       |       |       |       |    10 |     6 ||    16
         Depart the Abyss  |       |       |       |       |       |     1 |       ||     1
         Corrupt           |       |       |       |       |       |     1 |     1 ||     2
         Brand Weapon With |       |       |       |       |       |       |     1 ||     1
  Evoke: Wand              |       |       |       |       |    17 |    22 |     2 ||    41
         Piece from Xom's  |       |       |       |       |       |     2 |       ||     2
         Tin of tremorston |       |       |       |       |       |     1 |       ||     1
    Use: Scroll            |       |     1 |     1 |    15 |    14 |    14 |     7 ||    52
         Potion            |       |       |     4 |     2 |     3 |     5 |       ||    14
   Stab: Distracted        |       |     1 |       |       |       |     1 |       ||     2
         Petrified         |       |       |       |     1 |     1 |       |       ||     2
         Paralysed         |       |       |       |       |       |     2 |       ||     2
 Armour: Scale mail        |    44 |     3 |       |   224 |   375 |   677 |   329 ||  1652
         Chain mail        |       |    95 |       |       |       |       |       ||    95
         Plate armour      |       |       |   220 |    11 |       |       |       ||   231
  Dodge: Dodged            |    49 |    61 |   125 |   203 |   372 |   545 |   251 ||  1606
         Repelled          |       |       |       |     7 |     6 |    11 |     1 ||    25
  Block: Buckler           |    24 |    43 |    62 |       |       |       |       ||   129
         Other             |       |       |     9 |    88 |   268 |   126 |       ||   491
         Kite shield       |       |       |       |       |       |       |    74 ||    74

Table legend: (Time is in decaauts)
 A = Elapsed time spent in this place.
 B = Non-inter-level travel time spent in this place.
 C = Inter-level travel time spent in this place.
 D = Time resting spent in this place.
 E = Time spent auto-exploring this place.
 F = Levels seen in this place.
 G = Mean time per level.
                   A        B        C        D        E       F      G
               +--------+--------+--------+--------+--------+-----+--------+
         Total |  38686 |  32931 |   5755 |    375 |  24595 |  40 |  967.2 |
       Dungeon |  15826 |  13272 |   2554 |    193 |   9954 |  15 | 1055.1 |
        Temple |     59 |     50 |      9 |      0 |     26 |   1 |   59.0 |
          Lair |   7541 |   6148 |   1393 |      0 |   5113 |   5 | 1508.2 |
         Swamp |   3401 |   3002 |    399 |     26 |   2185 |   4 |  850.2 |
     Snake Pit |   4841 |   4186 |    655 |     73 |   2970 |   4 | 1210.2 |
  Orcish Mines |   2046 |   1546 |    500 |     24 |   1185 |   2 | 1023.0 |
   Elven Halls |    341 |    300 |     41 |      0 |    165 |   1 |  341.0 |
        Vaults |   2483 |   2282 |    201 |      0 |   1759 |   3 |  827.7 |
         Abyss |    146 |    146 |      0 |     59 |      0 |   2 |   73.0 |
         Sewer |    936 |    936 |      0 |      0 |    665 |   1 |  936.0 |
       Ossuary |    270 |    270 |      0 |      0 |     94 |   1 |  270.0 |
      Gauntlet |    791 |    791 |      0 |      0 |    477 |   1 |  791.0 |
               +--------+--------+--------+--------+--------+-----+--------+

Top non-repeatable levels by time:
  Lair:5: 2054 daAuts
 Snake:2: 1785 daAuts
     D:9: 1748 daAuts
  Lair:1: 1606 daAuts
  Lair:2: 1499 daAuts
    D:11: 1478 daAuts
 Snake:4: 1428 daAuts
Vaults:1: 1260 daAuts
  Lair:4: 1260 daAuts
   Orc:2: 1259 daAuts
    D:13: 1206 daAuts
Vaults:2: 1201 daAuts
     D:3: 1177 daAuts
     D:2: 1148 daAuts
    D:10: 1134 daAuts
